Map: Cyber Forest LE

Players

Gone

  • Race: Terran Terran
  • League: Platinum
  • Spawn Location: 11:00

diesertir - Winner!

  • Race: Zerg Zerg
  • League: Gold
  • Spawn Location: 5:00

VOD

Have the link to the VOD?

Description

Time

  • Played on: March 15, 2019, 8:56 a.m.
  • Length: 8:43
Show
View Real Time Build Order
Export as new Build Order

Gone Terran 

Build Orders:  

Get SALT Encoding   

  12  0:10  SCV  
  13  0:18  Refinery  
  13  0:22  SCV  
  13  0:25  Supply Depot  
  14  0:34  SCV  
  15  0:47  Barracks  
  15  0:48  SCV  
  16  0:57  Refinery  
  16  1:00  SCV  
  17  1:13  SCV  
  18  1:25  SCV  
  19  1:27  Barracks  
  19  1:40  SCV  
  19  1:44  Barracks Reactor  
  20  1:51  Barracks  
  21  1:54  SCV  
  21  2:03  Supply Depot  
  21  2:08  SCV  
  22  2:17  Barracks Reactor  
  22  2:20  Reaper  
  23  2:25  Reaper  
  24  2:33  SCV  
  25  2:46  Factory  
  25  2:50  Barracks Tech Lab  
  25  2:55  Engineering Bay  
  25  3:00  Reaper  
  25  3:01  Reaper  
  25  3:02  Reaper  
  28  3:06  Reaper  
  29  3:21  Orbital Command  
  29  3:26  Reaper  
  30  3:32  Reaper  
  31  3:42  Supply Depot  
  31  3:44  Factory Tech Lab  
  31  3:45  Supply Depot  
  31  4:03  Reaper x2  
  31  4:04  Reaper x2  
  31  4:05  Reaper  
  36  4:35  Command Center  
  36  4:37  Cyclone  
  39  4:43  Marine x3  
  39  4:44  Marine  
  43  4:49  Concussive Shells  
  43  4:52  Marauder  
  45  5:16  Marine x2  
  47  5:22  Marine x3, Cyclone  
  47  5:24  Supply Depot  
  47  5:27  Supply Depot  
  53  5:33  Stimpack  
  53  5:42  Marine x2  
  55  5:45  Marine  
  55  5:49  Marine  
  53  6:20  Orbital Command  
  53  6:23  Marine x3  
  53  6:24  Marine  
  58  6:26  Marauder  
  62  6:34  Terran Infantry Weapons Level 1, Infernal Pre-Igniter  
  59  6:44  Orbital Command  
  59  7:05  Command Center  
  53  7:29  Marine x5  
  45  7:31  Cyclone  
  48  7:40  SCV  
  48  7:41  SCV  
  48  7:48  Marine x4  
  48  7:50  Marauder  
  47  8:03  Cyclone  
  36  8:07  Marine x4  
  36  8:10  SCV x2  
  42  8:17  Marauder  
  44  8:22  SCV x2, Barracks  
Show
View Real Time Build Order
Export as new Build Order

diesertir Zerg - Winner!

Build Orders: Hatch First 

Get SALT Encoding   

  12  0:01  Drone  
  13  0:08  Drone  
  14  0:18  Overlord  
  14  0:36  Drone  
  14  0:37  Drone x2  
  17  0:55  Hatchery  
  16  0:58  Drone  
  16  1:00  Drone  
  18  1:13  Extractor  
  18  1:17  Spawning Pool  
  16  1:19  Drone  
  17  1:29  Drone  
  18  1:45  Drone  
  19  1:48  Drone  
  19  1:52  Hatchery  
  19  1:53  Drone  
  20  2:08  Zergling x2  
  20  2:13  Extractor, Queen  
  22  2:15  Queen  
  22  2:18  Drone  
  25  2:29  Drone x2  
  27  2:49  Roach Warren  
  26  2:57  Drone x2  
  28  2:59  Metabolic Boost  
  29  3:05  Drone  
  29  3:07  Drone  
  29  3:08  Queen  
  32  3:19  Drone  
  33  3:25  Zergling x2  
  33  3:26  Overlord  
  33  3:27  Overlord  
  34  3:34  Extractor, Drone  
  33  3:35  Overlord  
  33  3:39  Overlord  
  34  4:02  Lair  
  34  4:03  Zergling x10  
  34  4:04  Zergling x6  
  41  4:21  Zergling x12  
  44  4:34  Roach  
  44  4:35  Roach x2  
  50  4:46  Overlord x2  
  50  4:50  Drone x3  
  51  5:12  Drone x5  
  56  5:26  Drone x5  
  61  5:31  Overlord  
  61  5:32  Overlord x2  
  61  5:39  Roach x2  
  65  5:45  Glial Reconstitution  
  60  6:17  Roach x7  
  60  6:18  Roach x7  
  87  6:36  Overlord x2  
  87  6:50  Ravager x10  
  96  7:03  Drone x6  
  96  7:04  Drone x2  
  91  7:39  Zergling x20  
  91  7:40  Zergling x16  
  100  7:59  Hydralisk Den  
  90  8:11  Roach x8  
  106  8:24  Extractor  
  103  8:35  Hatchery  
Tags
 
Add a new tag
Caveats
  • Supply blocks, unpowered buildings, or Contaminate may cause inaccurate times.
  • Supply counts are checked every 10 seconds.